 Dungeon Crawl Stone Soup version 0.30-a0-358-g0d69a1922f (webtiles) character file.

Game seed: 886973049837298130

412 oldmanjim the Shooter (level 6, -1/40 HPs)
             Began as a Gargoyle Hunter on Nov 10, 2022.
             Was an Initiate of Okawaru.
             Slain by a gnoll
             ... wielding a +0 spear
              (4 damage)
             ... on level 4 of the Dungeon.
             The game lasted 00:15:41 (3666 turns).

oldmanjim the Shooter (Gargoyle Hunter)             Turns: 3666, Time: 00:15:41

Health: -1/40      AC: 12    Str: 14    XL:     6   Next: 90%
Magic:  6/6        EV: 11    Int: 10    God:    Okawaru [......]
Gold:   171        SH:  0    Dex: 15    Spells: 5/5 levels left

rFire   . . .      SeeInvis .    b - +1 dagger (venom)
rCold   + . .      Faith    .    (no shield)
rNeg    + . .      Spirit   .    y - +2 ring mail {rC+}
rPois   ∞          Reflect  .    (no helmet)
rElec   +          Harm     .    A - +0 cloak
rCorr   .          Rampage  .    (no gloves)
Will    .....                    (no boots)
Stlth   +.........               (no amulet)
HPRegen 0.26/turn                (no ring)
MPRegen 0.10/turn                (no ring)

@: no status effects
A: sickness immunity, AC +4, negative energy resistance 1, electricity
resistance, torment resistance 1, petrification resistance
a: Renounce Religion


You were on level 4 of the Dungeon.
You worshipped Okawaru.
Okawaru was noncommittal.
You visited 2 branches of the dungeon, and saw 5 of its levels.

You collected 171 gold pieces.

Inventory:

Hand Weapons
 a - a +1 shortbow
 b - a +1 dagger of venom (weapon)
 j - a +0 sling
Missiles
 g - 46 stones
 n - 14 poisoned darts
Armour
 c - a +0 leather armour
 q - a +0 ring mail
 y - a +2 ring mail of cold resistance (worn)
 A - a +0 cloak (worn)
Magical Staves
 x - a staff of cold
Jewellery
 u - a ring of ice
 v - a ring of resist corrosion
Scrolls
 i - 3 scrolls of poison
 t - 3 scrolls of teleportation
 B - 2 scrolls of immolation
Potions
 o - a potion of magic
 p - a potion of attraction
 s - a potion of brilliance
 w - a potion of flight {unknown}
 z - a potion of lignification {unknown}
 C - a potion of mutation


   Skills:
 + Level 5.5 Fighting
 + Level 6.1 Ranged Weapons
 + Level 1.6 Armour
 - Level 1.5 Dodging
 - Level 1.1 Stealth


You had 5 spell levels left.
You didn't know any spells.
Your spell library contained the following spells:

 Spells                   Type           Power      Damage    Failure   Level
 Wereblood                Tmut           0%         N/A       75%         2
 Manifold Assault         Tloc           0%         N/A       100%        4
 Passage of Golubria      Tloc           0%         N/A       100%        4
 Yara's Violent Unravell  Hex/Tmut       0%         3d3       100%        5
 Dispersal                Tloc           0%         N/A       100%        6
 Disjunction              Tloc           0%         N/A       100%        8
 Sublimation of Blood     Necr           Unusable   N/A       N/A         2
 Tukima's Dance           Hex            Unusable   N/A       N/A         3
 Summon Hydra             Summ           Unusable   N/A       N/A         7

Dungeon Overview and Level Annotations

Branches:
Dungeon (4/15)             Temple (1/1) D:4

Altars:
Ashenzari
Cheibriados
Dithmenos
Elyvilon
Hepliaklqana
Kikubaaqudgha
Nemelex Xobeh
Okawaru
Sif Muna
Trog
Uskayaw
Vehumet
Wu Jian
Xom
Zin
The Shining One


Innate Abilities, Weirdness & Mutations

You are immune to sickness and miasma.
Your stone body is resilient. (AC +4)
You are immune to poison.
You resist negative energy. (rN+)
You are resistant to electric shocks. (rElec)
You are resistant to unholy torment.
You are immune to petrification.


Message History

The gnoll is lightly wounded.
The gnoll barely misses you. The gnoll hits you with a +0 flail.
The gnoll hits you from afar with a +0 spear.
The gnoll closely misses you. The gnoll barely misses you.
You shoot an arrow. The arrow hits the gnoll.
The gnoll is lightly wounded.
The gnoll misses you. The gnoll hits you with a +0 flail.
The gnoll hits you but does no damage.
You shoot an arrow. The arrow barely misses the gnoll.
The gnoll hits you from afar with a +0 spear.
The gnoll hits you but does no damage. x2
You are too injured to fight recklessly!
Your +1 dagger of venom begins to drip with poison!
b - a +1 dagger of venom (weapon)
The gnoll closely misses you.
The gnoll hits you from afar with a +0 spear. x2
You are too injured to fight recklessly!
You hit the gnoll but do no damage.
The gnoll is poisoned.
The gnoll is lightly wounded.
The gnoll hits you from afar with a +0 spear.
* * * LOW HITPOINT WARNING * * *
The gnoll hits you from afar with a +0 spear.
* * * LOW HITPOINT WARNING * * *
The gnoll barely misses you. The gnoll barely misses you. The gnoll misses you.
The gnoll barely misses you. The gnoll attacks as you move away!
The gnoll barely misses you. The gnoll closely misses you.
The gnoll hits you but does no damage. The gnoll attacks as you move away!
The gnoll barely misses you. The gnoll attacks as you move away!
The gnoll hits you with a +0 flail.
* * * LOW HITPOINT WARNING * * *
The gnoll attacks as you move away! The gnoll hits you with a +0 flail.
* * * LOW HITPOINT WARNING * * *
The gnoll attacks as you move away! The gnoll barely misses you.
You kill the gnoll!
Okawaru accepts your kill.
You open the door.
The gnoll hits you from afar with a +0 spear.
You die...

......#)...# +. .....
#....# #. .... #....#
#. ... #....# #. ###
.. ##...# #####. ...
########...###.....
#.. #.....).....'.....
#...#..g........#.....
#...'@.g........#.....
#################.....
######


You could see 2 gnolls.

Vanquished Creatures
  2 vampire bats (D:3)
  An orc priest (D:3)
  An iguana (D:3)
  Jessica (D:3)
  An orc wizard (D:2)
  6 gnolls
  4 adders
  An ufetubus (D:2)
  A dart slug (D:3)
  8 orcs
  2 bat skeletons (D:3)
  3 bat zombies (D:3)
  4 endoplasms
  13 giant cockroaches
  10 goblins
  10 hobgoblins
  5 quokkas
  11 ball pythons
  5 bats
  2 frilled lizards (D:1)
  5 kobolds
  22 rats
118 creatures vanquished.

Notes
Turn   | Place    | Note
-------+----------+-------------------------------------------
     0 | D:1      | oldmanjim the Gargoyle Hunter began the quest for the Orb.
     0 | D:1      | Reached XP level 1. HP: 12/12 MP: 1/1
    80 | D:1      | Reached XP level 2. HP: 18/18 MP: 2/2
   286 | D:1      | Reached XP level 3. HP: 23/23 MP: 3/3
   989 | D:2      | Reached XP level 4. HP: 28/28 MP: 4/4
  1127 | D:2      | Reached skill level 5 in Ranged Weapons
  1550 | D:3      | Noticed Jessica
  1567 | D:3      | Killed Jessica
  1568 | D:3      | Reached XP level 5. HP: 19/33 MP: 5/5
  2482 | D:3      | Found a shimmering blue altar of Sif Muna.
  2528 | D:3      | Reached skill level 5 in Fighting
  2528 | D:3      | Reached XP level 6. HP: 30/40 MP: 6/6
  2756 | D:3      | Found an ancient bone altar of Kikubaaqudgha.
  2767 | D:3      | Reached skill level 6 in Ranged Weapons
  2767 | D:3      | Reached skill level 1 in Armour
  2858 | D:3      | Found a shimmering blue altar of Sif Muna.
  2884 | D:3      | Found an ancient bone altar of Kikubaaqudgha.
  3211 | D:4      | Found a staircase to the Ecumenical Temple.
  3220 | Temple   | Entered the Ecumenical Temple
  3301 | Temple   | Became a worshipper of Warmaster Okawaru
  3658 | D:4      | HP: 1/40 [gnoll/+0 flail (2)]
  3666 | D:4      | Slain by a gnoll

Illustrated notes

Levels and vault maps discovered:
D:1:      minmay_arrival_glassed_features, layout_basic, skrybe_limestone_x,
          chequers_decorated_corner
D:2:      minmay_roachtagon, layout_loops_ring, minmay_rat_hole, uniq_robin
D:3:      layout_rooms, kennysheep_vampire_church,
          mainiacjoe_overflow_surrounded_room, st_stairs_2, uniq_jessica
D:4:      layout_gridville, fedhas_ov_isle_minmay, minmay_temple_entry_slanted
Temple:   nicolae_temple_great_sept

Skill      XL: |  1  2  3  4  5  6 |
---------------+-------------------+-----
Fighting       | 3 4 5 |  5.5
Ranged Weapons | 5 6 |  6.1
Armour         | 1 |  1.6
Dodging        | |  1.5
Stealth        | |  1.1

Action                   |  1- 3 |  4- 6 || total
-------------------------+-------+-------++-------
Melee: Dagger            |       |    10 ||    10
 Fire: Shortbow          |   114 |   251 ||   365
  Use: Scroll            |       |    13 ||    13
Armor: Leather armour    |    17 |    32 ||    49
       Ring mail         |       |    84 ||    84
Dodge: Dodged            |    24 |   141 ||   165

Table legend: (Time is in decaauts)
 A = Elapsed time spent in this place.
 B = Non-inter-level travel time spent in this place.
 C = Inter-level travel time spent in this place.
 D = Time resting spent in this place.
 E = Time spent auto-exploring this place.
 F = Levels seen in this place.
 G = Mean time per level.
                   A        B        C        D        E       F      G
               +--------+--------+--------+--------+--------+-----+--------+
         Total |   3782 |   3515 |    267 |    509 |   2140 |   5 |  756.4 |
       Dungeon |   3689 |   3445 |    244 |    509 |   2082 |   4 |  922.2 |
        Temple |     92 |     69 |     23 |      0 |     58 |   1 |   92.0 |
               +--------+--------+--------+--------+--------+-----+--------+

Top non-repeatable levels by time:
     D:2: 1455 daAuts
     D:3: 1344 daAuts
     D:1: 648 daAuts
     D:4: 240 daAuts
  Temple: 92 daAuts
